 Dungeon Crawl Stone Soup version 0.22-a0-348-gd16d1391c7 (webtiles) character file.

46 Laan the Chopper (level 3, 0/29 HPs)
             Began as a Formicid Fighter on Apr 9, 2018.
             Slain by Sigmund
             ... wielding a +0 scythe
              (7 damage)
             ... on level 2 of the Dungeon.
             The game lasted 00:01:34 (1239 turns).

Laan the Chopper (Formicid Fighter)                 Turns: 1239, Time: 00:01:36

Health: 0/29       AC:  6    Str: 26    XL:     3   Next: 95%
Magic:  3/3        EV:  8    Int:  7    God:
Gold:   55         SH: 10    Dex: 10    Spells: 2/2 levels left

rFire    . . .     SeeInvis +   a - +0 war axe
rCold    . . .     Gourm    .   c - +0 shield
rNeg     . . .     Faith    .   b - +0 scale mail
rPois    .         Spirit   .   (helmet unavailable)
rElec    .         Reflect  .   (no cloak)
rCorr    .         Harm     .   (no gloves)
MR       .....                  (no boots)
Stlth    ..........             (no amulet)
HPRegen  0.09/turn              (no ring)
MPRegen  0.08/turn              (no ring)

@: mighty
A: permanent stasis, dig shafts and tunnels, four strong arms, antennae 3
a: Dig, Shaft Self


You were on level 2 of the Dungeon.
You were not hungry.

You visited 1 branch of the dungeon, and saw 2 of its levels.

You collected 55 gold pieces.

Inventory:

Hand Weapons
 a - a +0 war axe (weapon)
Armour
 b - a +0 scale mail (worn)
 c - a +0 shield (worn)
Jewellery
 e - a cursed ring of fire {unknown}
Scrolls
 i - a scroll of random uselessness {unknown}
 k - a scroll of identify {unknown}
Potions
 g - a potion of curing {unknown}
 h - 2 potions of heal wounds {unknown}
 l - 2 potions of agility {unknown}
Comestibles
 f - a ration


   Skills:
 - Level 3.2 Fighting
 + Level 3.9 Axes
 - Level 3.2 Armour
 - Level 3.6 Shields


You had 2 spell levels left.
You didn't know any spells.

Dungeon Overview and Level Annotations

Branches:
Dungeon (2/15)

Altars:
Ru

Annotations:
D:2 Sigmund


Innate Abilities, Weirdness & Mutations

You cannot be hasted, slowed, berserked, paralysed or teleported.
You can dig through walls and to a lower floor.
Your four strong arms can wield two-handed weapons with a shield.
You have a pair of large antennae on your head. (SInv)


Message History

Sigmund casts a spell at you. You resist with some effort.
You feel very mighty all of a sudden. Sigmund gestures at you while chanting.
The magic dart hits you!
You barely miss Sigmund. Sigmund hits you with a scythe!
You slash Sigmund!
Sigmund is heavily wounded.
Sigmund points at you and mumbles some strange words.
The magic dart hits you!
* * * LOW HITPOINT WARNING * * *
You hit Sigmund.
Sigmund is severely wounded.
Sigmund hits you with a scythe.
* * * LOW HITPOINT WARNING * * *
You barely miss Sigmund.
Sigmund is severely wounded.
Sigmund giggles. "Time to reap what you sow."
Sigmund hits you with a scythe!
You die...

#####
....#### #.##
###..... ...
...# ###..##
.... #..#
.....###.....
#..##
.............
....
###..###.##.#
#.. ###..# #
#.# #@#
.....#
#.##.####@#
.....#
#.........#
###..#
####.######
#..# #.# #..#
#.# #..# #.#
###..######.#
............#
#############


You could see Sigmund.

Vanquished Creatures
  An adder (D:2)
  An ooze (D:1)
  A dart slug (D:1)
  2 ball pythons (D:2)
  5 goblins
  4 hobgoblins
  4 bats
  3 frilled lizards
  7 kobolds
  A rat (D:2)
29 creatures vanquished.

Vanquished Creatures (others)
  4 toadstools (D:1)
4 creatures vanquished.

Grand Total: 33 creatures vanquished

Notes
Turn   | Place    | Note
-------+----------+-------------------------------------------
     0 | D:1      | Laan the Formicid Fighter began the quest for the Orb.
     0 | D:1      | Reached XP level 1. HP: 18/18 MP: 1/1
   101 | D:1      | Reached XP level 2. HP: 21/24 MP: 2/2
   542 | D:2      | Reached XP level 3. HP: 26/29 MP: 3/3
   636 | D:2      | Found a sacrificial altar of Ru.
  1233 | D:2      | Noticed Sigmund
  1239 | D:2      | Slain by Sigmund

Vault maps used:
D:1:      ldierk_water_garden, nrook_loot_triangle
D:2:      nicolae_ru_great_annihilating_truth, marbit_many_paths,
          lightli_temple_of_fire, uniq_sigmund

Skill      XL: |  1  2 |
---------------+-------+-----
Axes           | 3 |  3.9
Fighting       | |  3.2
Armour         | |  3.2
Shields        | |  3.6

Action                   || total
-------------------------++-------
Melee: War axe           ||    90
  Use: Potion            ||     1
 Stab: Paralysed         ||     2
  Eat: Chunk             ||     1
Armor: Scale mail        ||    47
Dodge: Dodged            ||    27
Block: Shield            ||    48

Table legend:
 A = Spawn XP
 B = Non-spawn XP
 C = Spawn XP percentage of total XP
 D = Spawn monster count
 E = Non-spawn monster count
 F = Spawn count percentage of total count
 G = Total turns spent on level
                    A         B        C        D         E        F      G
               +---------+---------+-------+---------+---------+-------+---------
         Total |       0 |      67 |   0.0 |       0 |      29 |   0.0 |  1239
               +---------+---------+-------+---------+---------+-------+---------
           D:1 |       0 |      22 |   0.0 |       0 |       9 |   0.0 |   519
           D:2 |       0 |      45 |   0.0 |       0 |      20 |   0.0 |   720
               +---------+---------+-------+---------+---------+-------+---------
